 Dungeon Crawl Stone Soup version 0.27-a0-1202-ge72e49191c (webtiles) character file.

Game seed: 605070180465971465

979 Glokmah the Sneak (level 8, -5/48 HPs)
             Began as a Kobold Venom Mage on June 4, 2021.
             Was a Priest of Elyvilon.
             Slain by a phantom (8 damage)
             ... on level 5 of the Dungeon.
             The game lasted 00:09:03 (6308 turns).

Glokmah the Sneak (Kobold Venom Mage)               Turns: 6308, Time: 00:09:03

Health: -5/48      AC:  2    Str:  6    XL:     8   Next: 40%
Magic:  13/14      EV: 15    Int: 16    God:    Elyvilon [***...]
Gold:   232        SH:  0    Dex: 17    Spells: 9/15 levels left

rFire    . . .     SeeInvis .   b - +0 dagger
rCold    . . .     Faith    .   (shield restricted)
rNeg     . . .     Spirit   .   a - +0 robe
rPois    .         Reflect  .   (no helmet)
rElec    .         Harm     .   (no cloak)
rCorr    .         Rampage  .   (no gloves)
Will     .....                  (no boots)
Stlth    ++++......             (no amulet)
HPRegen  0.16/turn              c - +4 ring of slaying
MPRegen  0.14/turn              (no ring)

@: divinely protected
A: small, no large weapons, nightstalker 3
a: Renounce Religion, Lesser Healing, Heal Other, Purification, Divine
Protection


You were on level 5 of the Dungeon.
You worshipped Elyvilon.
Elyvilon was most pleased with you.
You visited 1 branch of the dungeon, and saw 5 of its levels.

You collected 232 gold pieces.

Inventory:

Hand Weapons
 b - a +0 dagger (weapon)
Missiles
 k - 8 datura-tipped darts
 l - 4 boomerangs
Armour
 a - a +0 robe (worn)
Jewellery
 c - a +4 ring of slaying (left hand)
 o - a ring of resist corrosion
Scrolls
 d - a scroll of teleportation {unknown}
 i - a scroll of holy word {unknown}
 j - 4 scrolls of identify {unknown}
Potions
 e - a potion of brilliance {unknown}
 f - 3 potions of curing {unknown}
 g - a potion of lignification {unknown}
 h - 3 potions of flight {unknown}
 m - 2 potions of might {unknown}
 n - 2 potions of haste {unknown}
 p - a potion of degeneration {unknown}
 q - a potion of mutation {unknown}


   Skills:
 + Level 3.8 Fighting
 * Level 1.9 Short Blades
 - Level 2.4 Dodging
 + Level 5.8 Stealth
 + Level 4.1 Spellcasting
 - Level 3.0 Transmutations
 - Level 2.0 Fire Magic
 - Level 2.0 Air Magic
 - Level 5.0 Poison Magic
 + Level 2.0 Invocations


You had 9 spell levels left.
You knew the following spells:

 Your Spells              Type           Power      Damage    Failure   Level
a - Sting                 Tmut/Pois      64%        1d6       3%          1
b - Poisonous Vapours     Pois/Air       28%        N/A       6%          2
c - Ignite Poison         Fire/Tmut/Pois 13%        N/A       13%         3

Your spell library contained the following spells:

 Spells                   Type           Power      Damage    Failure   Level
 Magic Dart               Conj           12%        1d3       17%         1
 Mephitic Cloud           Conj/Pois/Air  10%        N/A       19%         3
 Olgreb's Toxic Radiance  Pois           19%        N/A       22%         4
 Blink                    Tloc           N/A        N/A       26%         2
 Call Imp                 Summ           3%         N/A       26%         2
 Slow                     Hex            3%         N/A       26%         2
 Conjure Flame            Conj/Fire      6%         6-21      32%         3


Dungeon Overview and Level Annotations

Branches:
Dungeon (5/15)
 Temple: D:4-7

Altars:
Elyvilon


Innate Abilities, Weirdness & Mutations

You are small and have problems with some larger weapons.
You are completely attuned to the shadows.


Message History

The phantom closely misses you.
You closely miss the phantom.
The phantom is lightly damaged.
The phantom completely misses you.
You hit the phantom.
The phantom is lightly damaged.
You closely miss the phantom.
The phantom is lightly damaged.
The phantom hits you but does no damage.
You hit the phantom.
The phantom is moderately damaged.
The phantom hits you.
* * * LOW HITPOINT WARNING * * *
You hit the phantom.
The phantom is heavily damaged.
The phantom hits you.
* * * LOW HITPOINT WARNING * * *
The phantom blinks!
You blink.
There is a stone staircase leading up here.
The phantom hits you.
* * * LOW HITPOINT WARNING * * *
The phantom blinks!
You blink.
You stop ascending the stairs.
You are healed.
The phantom misses you.
You beseech Elyvilon to protect your life.
The phantom hits you! Elyvilon protects you from harm!
You hit the phantom.
The phantom is heavily damaged.
The phantom closely misses you.
You hit the phantom.
The phantom is severely damaged.
The phantom closely misses you.
You barely miss the phantom.
The phantom is severely damaged.
The phantom hits you.
* * * LOW HITPOINT WARNING * * *
You hit the phantom.
The phantom is severely damaged.
The phantom hits you!
You die...

#.>.......††........#
..........#########.#
...........# #.#
...........# #.#
...........# #.#
$..........# #.#
...........#########.#
.........<.'.........#
.....@W....#########.#
...........# #.#
...........# #.#
..........# #.#
######+####


You could see a phantom.

Vanquished Creatures
  A yak (D:4)
  4 ogres (D:4)
  A scorpion (D:4)
  The ghost of celly00 the Skirmisher, a weakling PaCK of Xom (D:3)
  2 centaur zombies
  2 hounds (D:4)
  3 bullfrog skeletons
  A centaur skeleton (D:3)
  A gnoll (D:1)
  7 adders
  2 adder skeletons (D:4)
  A dart slug (D:5)
  7 orcs
  9 ball pythons
  7 bats
  7 endoplasms
  2 giant cockroaches (D:4)
  9 goblins
  6 hobgoblins
  4 jackals (D:5)
  5 quokkas
  2 frilled lizards (D:3)
  7 kobolds
  A quokka skeleton (D:4)
  6 rats
98 creatures vanquished.

Notes
Turn   | Place    | Note
-------+----------+-------------------------------------------
     0 | D:1      | Glokmah the Kobold Venom Mage began the quest for the Orb.
     0 | D:1      | Reached XP level 1. HP: 10/10 MP: 3/3
   326 | D:1      | Reached XP level 2. HP: 15/15 MP: 5/5
   338 | D:1      | Learned a level 2 spell: Poisonous Vapours
   835 | D:1      | Reached XP level 3. HP: 20/20 MP: 6/6
  1477 | D:2      | Reached skill level 1 in Fighting
  1534 | D:2      | Reached XP level 4. HP: 25/25 MP: 5/7
  1945 | D:2      | Found a faded altar of an unknown god.
  1950 | D:2      | Became a worshipper of Elyvilon the Healer
  1950 | D:2      | Reached * piety under Elyvilon
  2127 | D:3      | Found a runed translucent gate.
  2127 | D:3      | Found a runed translucent gate.
  2233 | D:3      | Found a runed translucent gate.
  2523 | D:3      | Reached XP level 5. HP: 15/29 MP: 1/9
  2787 | D:3      | Reached ** piety under Elyvilon
  3335 | D:3      | Reached skill level 1 in Air Magic
  3683 | D:3      | Noticed celly00's ghost (weakling PaCK)
  3709 | D:3      | Reached XP level 6. HP: 9/35 MP: 6/10
  3949 | D:3      | Learned a level 3 spell: Ignite Poison
  3978 | D:3      | Killed celly00's ghost
  4483 | D:4      | Noticed an ogre
  4487 | D:4      | Killed an ogre
  4488 | D:4      | Reached XP level 7. HP: 37/40 MP: 2/12
  4727 | D:4      | Reached skill level 5 in Poison Magic
  4805 | D:4      | Reached skill level 5 in Stealth
  5077 | D:4      | Noticed a yak
  5091 | D:4      | Killed a yak
  5092 | D:4      | Reached skill level 1 in Fire Magic
  5092 | D:4      | Reached skill level 1 in Invocations
  5391 | D:4      | Reached XP level 8. HP: 22/46 MP: 10/13
  5696 | D:4      | Reached skill level 1 in Short Blades
  6009 | D:4      | Reached *** piety under Elyvilon
  6147 | D:5      | Entered Level 5 of the Dungeon
  6299 | D:5      | HP: 1/48 [phantom (5)]
  6304 | D:5      | Elyvilon protects you from harm!
  6308 | D:5      | Slain by a phantom

Illustrated notes

Levels and vault maps discovered:
D:1:      minmay_arrival_widening_spiral_wide, layout_basic
D:2:      layout_loops_ring, basic_ecumenical_altar
D:3:      layout_loops_ring, gammafunk_ghost_necromancy, minmay_between
D:4:      minmay_thinvault, layout_rooms, minmay_misc_feat_tower,
          chequers_mini_garden, chequers_avenue, hangedman_decor_peaks_small
D:5:      kennysheep_windowed_halls, layout_basic

Skill      XL: |  1  2  3  4  5  6  7  8 |
---------------+-------------------------+-----
Stealth        | 3 4 5 |  5.8
Fighting       | 1 2 3 |  3.8
Poison Magic   | 4 5 |  5.0
Transmutations | 2 3 |  3.0
Air Magic      | 1 2 |  2.0
Spellcasting   | 3 4 |  4.1
Fire Magic     | 1 2 |  2.0
Invocations    | 1 2 |  2.0
Short Blades   | 1 |  1.9
Dodging        | |  2.4

Action                   |  1- 3 |  4- 6 |  7- 9 || total
-------------------------+-------+-------+-------++-------
Melee: Dagger            |    34 |   133 |    89 ||   256
 Cast: Sting             |     4 |    27 |    19 ||    50
       Poisonous Vapours |       |     4 |     6 ||    10
       Ignite Poison     |       |     1 |     2 ||     3
Invok: Lesser Healing    |       |     3 |     3 ||     6
       Divine Protection |       |       |     1 ||     1
 Stab: Sleeping          |    13 |    16 |    11 ||    40
       Distracted        |       |     1 |       ||     1
Armor: Robe              |     3 |    26 |     7 ||    36
Dodge: Dodged            |    14 |   128 |    70 ||   212

Table legend: (Time is in decaauts)
 A = Elapsed time spent in this place.
 B = Non-inter-level travel time spent in this place.
 C = Inter-level travel time spent in this place.
 D = Time resting spent in this place.
 E = Time spent auto-exploring this place.
 F = Levels seen in this place.
 G = Mean time per level.
                   A        B        C        D        E       F      G
               +--------+--------+--------+--------+--------+-----+--------+
         Total |   6309 |   6072 |    237 |   1414 |   3775 |   5 | 1261.8 |
       Dungeon |   6309 |   6072 |    237 |   1414 |   3775 |   5 | 1261.8 |
               +--------+--------+--------+--------+--------+-----+--------+

Top non-repeatable levels by time:
     D:3: 2216 daAuts
     D:4: 1846 daAuts
     D:1: 1418 daAuts
     D:2: 730 daAuts
     D:5: 97 daAuts
